 Dungeon Crawl Stone Soup version 0.17-a0-377-gdd46233 (webtiles) character file.

63 Ryushun the Grave Robber (level 4, 0/35 HPs)
             Began as a Formicid Necromancer on Apr 1, 2015.
             Succumbed to an adder's poison
             ... on level 2 of the Dungeon.
             The game lasted 00:11:24 (1201 turns).

Ryushun the Grave Robber (Formicid Necromancer)     Turns: 1201, Time: 00:11:24

Health: 0/35       AC:  3    Str: 14    XL:     4   Next: 30%
Magic:  16/16      EV: 13    Int: 14    God:
Gold:   37         SH:  0    Dex: 11    Spells: 3 memorised, 5 levels left

rFire  . . .     SeeInvis +     e - +0 dagger
rCold  . . .     Clarity  .     a - +0 robe
rNeg   . . .     SustAb   .     (no shield)
rPois  .         Gourm    .     (helmet unavailable)
rElec  .         Spirit   .     l - +0 cloak
rCorr  .         Warding  .     (no gloves)
rMut   .         Stasis   +     (no boots)
MR     .....                    (no amulet)
Stlth  +++.......               q - ring of magical power
                                n - ring of teleportation (curse)

@: lethally poisoned (0 -> -5), not resistant to hostile enchantments, fairly
stealthy
A: permanent stasis, dig shafts and tunnels, four strong arms, antennae 3
a: Dig, Shaft Self, Evoke Teleportation


You were on level 2 of the Dungeon.
You were not hungry.

You visited 1 branch of the dungeon, and saw 2 of its levels.

You collected 37 gold pieces.

Inventory:

Hand weapons
 e - a +0 dagger (weapon)
 f - a +0 dagger
 i - a +0 club
 j - a +0 mace
 r - a +1 hunting sling of flaming
 s - a +0 dagger
Missiles
 h - 40 stones (quivered)
Armour
 a - a +0 robe (worn)
 l - a +0 cloak (worn)
 p - a +0 scale mail
 v - a +0 chain mail
Jewellery
 g - an uncursed ring of fire
 n - a cursed ring of teleportation (left hand)
 q - a ring of magical power (right hand)
Scrolls
 k - a scroll of identify
 m - a scroll of enchant armour
Potions
 u - a potion of brilliance {unknown}
Books
 b - a book of Necromancy

   Spells                             Type                      Level
   a - Pain                           Necromancy                   1
   b - Animate Skeleton               Necromancy                   1
   c - Vampiric Draining              Necromancy                   3
   d - Regeneration                   Charms/Necromancy            3
   e - Animate Dead                   Necromancy                   4
   f - Control Undead                 Necromancy                   4
Comestibles
 c - a bread ration
 d - 4 chunks of flesh
 w - a meat ration


   Skills:
 * Level 3.1 Fighting
 * Level 2.8(3.0) Short Blades
   Level 1.5(2.3) Long Blades
   Level 1.8(2.4) Axes
 + Level 1.5(2.2) Maces & Flails
   Level 1.6(2.3) Polearms
   Level 1.5(2.2) Staves
 * Level 2.9 Armour
 * Level 3.3 Dodging
 * Level 4.6 Stealth
   Level 3.1 Shields
 + Level 1.6 Unarmed Combat
 + Level 3.7 Spellcasting
 + Level 5.2 Necromancy
   Level 3.1 Invocations
 * Level 2.9 Evocations


You had 5 spell levels left.
You knew the following spells:

 Your Spells              Type           Power        Failure   Level  Hunger
a - Pain                  Necr           ###.         2%          1    None
b - Animate Skeleton      Necr           N/A          2%          1    None
c - Vampiric Draining     Necr           ###.......   10%         3    ###....


Dungeon Overview and Level Annotations

Branches:
Dungeon (2/15)

Altars:


Innate Abilities, Weirdness & Mutations

You are under a permanent stasis effect.
You can dig through walls and to a lower floor.
Your four strong arms can wield two-handed weapons with a shield.
You have a pair of large antennae on your head (SInv).


Message History

Your base Short Blades skill gained 2 levels and is now at level 2!
Your base Long Blades skill increases to level 1!
Your base Axes skill increases to level 1!
Your base Maces & Flails skill increases to level 1!
Your base Polearms skill increases to level 1!
Your base Staves skill increases to level 1!
Your Armour skill gained 2 levels and is now at level 2!
Your Dodging skill increases to level 3!
Your Stealth skill gained 2 levels and is now at level 4!
Your Shields skill gained 3 levels and is now at level 3!
Your Unarmed Combat skill increases to level 1!
Your Spellcasting skill increases to level 3!
Your Necromancy skill increases to level 5!
Your Invocations skill gained 3 levels and is now at level 3!
Your Evocations skill gained 2 levels and is now at level 2!
You have reached level 4!
You feel stronger. The adder misses you.
Your goblin skeleton hits the adder.
It was a potion of magic.
Magic courses through your body.
You die...

.....# #..#####....##.#... .
.....# #..#####....##.#..#.#
.....# #...........##......
.....####.#####....###....
....ZZ.#..# #....# #..####
....{#Z#.######....###.....##.##
....{#..........................
ZZ...#.#.....###'######.##.##.##
#+####.#.....###@######<# #
#.#...>+.....ZZZS..........#
#.#.####.....###.######........
#.#.# #.....# #'# #........
#.#.# #.....# ... .........
#.#.# #.....##.... ........
#.#.# #.....##..... ..###..
#.#.# #.....##.........# .
#'#'###########.........#


You could see an adder, a friendly giant newt skeleton, a friendly giant gecko
skeleton and a friendly goblin skeleton.

Vanquished Creatures
  A giant gecko (D:2)
  A ball python (D:1)
  5 bats (D:1)
  4 goblins
  2 hobgoblins (D:1)
  4 giant newts
  A kobold (D:1)
  4 rats
22 creatures vanquished.

Vanquished Creatures (collateral kills)
  A goblin (D:1)
  A hobgoblin (D:1)
  2 bats (D:1)
  3 rats (D:1)
7 creatures vanquished.

Vanquished Creatures (others)
  A rat skeleton (D:2)
1 creature vanquished.

Grand Total: 30 creatures vanquished

Notes
Turn   | Place    | Note
--------------------------------------------------------------
     0 | D:1      | Ryushun, the Formicid Necromancer, began the quest for the Orb.
     0 | D:1      | Reached XP level 1. HP: 13/13 MP: 3/3
     7 | D:1      | Learned a level 1 spell: Animate Skeleton
   225 | D:1      | Reached XP level 2. HP: 11/19 MP: 1/4
   691 | D:1      | Reached XP level 3. HP: 22/25 MP: 0/5
   745 | D:1      | Learned a level 3 spell: Vampiric Draining
  1199 | D:2      | HP: 1/25 [poisoned by an adder]
  1200 | D:2      | Reached skill level 1 in Long Blades
  1200 | D:2      | Reached skill level 1 in Axes
  1200 | D:2      | Reached skill level 1 in Maces & Flails
  1200 | D:2      | Reached skill level 1 in Polearms
  1200 | D:2      | Reached skill level 1 in Staves
  1200 | D:2      | Reached skill level 1 in Unarmed Combat
  1200 | D:2      | Reached skill level 5 in Necromancy
  1200 | D:2      | Reached XP level 4. HP: 1/35 MP: 7/7
  1201 | D:2      | Succumbed to an adder's poison

Action                   |  1- 3 |  4- 6 || total
-------------------------+-------+-------++-------
Melee: Dagger            |    39 |       ||    39
       Unarmed           |     2 |       ||     2
 Cast: Pain              |    31 |       ||    31
       Animate Skeleton  |    21 |       ||    21
  Use: Scroll            |     5 |       ||     5
       Potion            |     1 |     1 ||     2
  Eat: Chunk             |     2 |       ||     2
